 Dungeon Crawl Stone Soup version 0.30-a0-1112-gfb780f5df6 (webtiles) character file.

Game seed: 2777812202307655709

5305 BubbleThief the Fighter (level 10, -5/98 HPs)
             Began as a Naga Cinder Acolyte on Apr 20, 2023.
             Was a High Priest of Ignis.
             Slain by a soul eater (14 damage)
             ... summoned by a kobold demonologist
             ... on level 9 of the Dungeon.
             The game lasted 00:18:57 (10417 turns).

BubbleThief the Fighter (Naga Cinder Acolyte)      Turns: 10417, Time: 00:18:59

Health: -5/98      AC: 17    Str: 17    XL:     10   Next: 64%
Magic:  11/22      EV:  9    Int: 28    God:    Ignis [*****.]
Gold:   384        SH:  0    Dex:  6    Spells: 20/25 levels left

rFire   + + .      SeeInvis +    l - +1 mace (freeze)
rCold   + . .      Faith    .    (no shield)
rNeg    . . .      Spirit   .    a - +2 robe {rC+}
rPois   +          Reflect  .    j - +2 helmet {Int+3}
rElec   .          Rampage  .    (no cloak)
rCorr   .                        h - +0 pair of gloves
Will    +....                    (no barding)
Stlth   +                        (no amulet)
HPRegen 0.36/turn                c - +6 ring of intelligence
MPRegen 0.18/turn                u - ring of protection from fire

@: short of breath, fiery-armoured, studying Axes, very slow
A: AC +3, large, see invisible, deformed body, poison resistance, slowness 2,
spit poison 1, naga tail 1
a: Spit Poison, Renounce Religion, Fiery Armour, Foxfire Swarm, Rising Flame


You were on level 9 of the Dungeon.
You worshipped Ignis.
Ignis was extremely pleased with you.
You visited 1 branch of the dungeon, and saw 9 of its levels.

You collected 384 gold pieces.

Inventory:

Hand Weapons
 l - a +1 mace of freezing (weapon)
Missiles
 w - a throwing net
Armour
 a - a +2 robe of cold resistance (worn)
 h - a +0 pair of gloves (worn)
 j - a +2 helmet of intelligence (worn)
 k - a scarf of shadows
Jewellery
 c - a +6 ring of intelligence (left hand)
 u - a ring of protection from fire (right hand)
Wands
 b - a wand of roots (11)
 f - a wand of quicksilver (18)
 m - a wand of charming (14)
 v - a wand of polymorph (9)
Scrolls
 i - 3 scrolls of fog
 n - 2 scrolls of poison
 o - 5 scrolls of identify
 p - 7 scrolls of teleportation
 t - a scroll of butterflies
Potions
 d - 4 potions of flight
 e - 3 potions of curing
 g - 2 potions of heal wounds
 q - 2 potions of ambrosia
 r - a potion of attraction
 s - 4 potions of might


   Skills:
 + Level 8.7 Fighting
 + Level 8.7 Maces & Flails
 + Level 8.3 Spellcasting
 - Level 6.0 Fire Magic


You had 20 spell levels left.
You knew the following spells:

 Your Spells              Type           Power      Damage    Failure   Level
a - Scorch                Fire           90%        2d8       1%          2
b - Frozen Ramparts       Ice            22%        1d4       14%         3

Your spell library contained the following spells:

 Spells                   Type           Power      Damage    Failure   Level
 Freeze                   Ice            44%        1d6       4%          1
 Necrotise                Necr           44%        1d6       4%          1
 Hailstorm                Conj/Ice       11%        3d5       14%         3
 Portal Projectile        Hex/Tloc       22%        N/A       14%         3
 Tukima's Dance           Hex            11%        N/A       14%         3
 Vampiric Draining        Necr           11%        2d6       14%         3
 Manifold Assault         Tloc           11%        N/A       43%         4
 Passage of Golubria      Tloc           11%        N/A       43%         4
 Agony                    Necr           11%        N/A       78%         5
 Blade Hands              Tmut           5%         N/A       78%         5
 Yara's Violent Unravell  Hex/Tmut       5%         3d4       78%         5
 Dispersal                Tloc           5%         N/A       100%        6
 Disjunction              Tloc           5%         N/A       100%        8


Dungeon Overview and Level Annotations

Branches:
Dungeon (9/15)             Temple (0/1) D:7            Lair (0/5) D:9
    Orc: D:9-12

Altars:
Ashenzari
Cheibriados
Fedhas
Gozag
Hepliaklqana
Makhleb
Okawaru
Sif Muna
Trog
Uskayaw
Wu Jian
Xom
Yredelemnul
The Shining One

Shops:
D:1 (

Annotations:
D:8 1 runed translucent door, BirdDuck's ghost, novice DrBe


Innate Abilities, Weirdness & Mutations

Your serpentine skin is tough. (AC +3)
You have supernaturally acute eyesight. (SInv)
Armour fits poorly on your strangely shaped body.
Your system is resistant to poisons. (rPois)
You cover ground very slowly.
You can spit poison.
You have a snake-like lower body.


Message History

The kobold demonologist is moderately wounded.
The red devil hits you but does no damage.
The quasit bites you but does no damage.
The quasit resists.
The quasit is burned by your cloak of flames.
The quasit is moderately wounded.
The quasit claws you but does no damage.
The quasit resists.
The quasit is burned by your cloak of flames.
The quasit is heavily wounded.
The quasit claws you but does no damage.
The orange demon stings you from afar.
* * * LOW HITPOINT WARNING * * *
The iron imp barely misses you.
The soul eater hits you but does no damage.
The soul eater is burned by your cloak of flames.
The soul eater is lightly wounded.
The kobold demonologist mumbles some strange words.
The kobold demonologist hits you with a +0 dagger.
* * * LOW HITPOINT WARNING * * *
The kobold demonologist is burned by your cloak of flames.
The kobold demonologist is moderately wounded.
Aiming: Quicksilver Bolt
Press: ? - help, Shift-Dir - straight line, f/p - kobold demonologist
Aim: a kobold demonologist, wielding a +0 dagger and wearing a +0 robe (moderately wounded, poisoned, 60% to hit)
The bolt of dispelling energy hits the kobold demonologist!!
The kobold demonologist is almost dead.
The bolt of dispelling energy hits the orange demon!
The orange demon is moderately wounded.
The quasit bites you but does no damage.
The quasit claws you but does no damage.
The quasit resists.
The quasit is burned by your cloak of flames.
The quasit is heavily wounded.
The quasit barely misses you.
The red devil hits you but does no damage.
The orange demon stings you from afar.
* * * LOW HITPOINT WARNING * * *
The soul eater hits you!
You die...

###### #....# #....# .K #....#
.K##################....########
................................
.....##.....545.4...(..........
#...K.....5K35K.4.............
#.......#####@55..............
.##....K..#####3K.......<.......
........KK..K..5>4..............
.......K.....).....>............
#######################'########
................
................
##########'####. ............#.


You could see a soul eater (summoned), an orange demon (summoned), an ice devil
(summoned), a rust devil (summoned), 3 kobold demonologists, a sixfirhy
(summoned), a red devil (summoned), 2 iron imps, 2 quasits, a white imp
(summoned) and 2 ufetubi.

Vanquished Creatures
  Erica (D:9)
  2 kobold demonologists (D:9)
  A troll (D:7)
  A wyvern (D:9)
  2 steam dragons
  Menkaure (D:7)
  3 water moccasins
  A sky beast (D:8)
  3 orc warriors (D:9)
  2 ice beasts
  A black bear (D:5)
  4 ogres
  7 centaurs
  A kobold brigand (D:8)
  2 bullfrogs (D:7)
  3 scorpions
  8 killer bees (D:8)
  3 vampire bats (D:5)
  4 orc priests
  7 hounds
  A gnoll bouda (D:8)
  2 iguanas
  2 orc wizards
  5 gnolls
  12 adders
  2 shadow imps (D:6)
  A white imp (D:8)
  4 dart slugs
  3 worms
  22 orcs
  8 ball pythons
  12 bats
  12 endoplasms
  3 giant cockroaches
  8 goblins
  8 hobgoblins
  7 jackals
  6 quokkas
  3 frilled lizards
  14 kobolds
  7 rats
199 creatures vanquished.

Notes
Turn   | Place    | Note
-------+----------+-------------------------------------------
     0 | D:1      | BubbleThief the Naga Cinder Acolyte began the quest for the
                  | Orb.
     0 | D:1      | Reached XP level 1. HP: 21/21 MP: 2/2
    43 | D:1      | Reached XP level 2. HP: 13/28 MP: 4/4
    46 | D:1      | Learned a level 2 spell: Scorch
   328 | D:1      | Found Jerphiom's Weapon Shop.
   345 | D:1      | Reached XP level 3. HP: 29/34 MP: 1/5
  1164 | D:2      | Reached XP level 4. HP: 42/42 MP: 0/7
  1988 | D:2      | Found a faded altar of an unknown god.
  2223 | D:3      | Found an ornate altar of the Wu Jian Council.
  2446 | D:3      | Reached XP level 5. HP: 37/49 MP: 1/9
  3011 | D:4      | Found an iron altar of Okawaru.
  3238 | D:4      | Reached skill level 5 in Fire Magic
  3238 | D:4      | Reached XP level 6. HP: 51/56 MP: 4/11
  3651 | D:4      | Found a hazy altar of Hepliaklqana.
  3824 | D:5      | Entered Level 5 of the Dungeon
  3835 | D:5      | Reached XP level 7. HP: 63/63 MP: 0/13
  3938 | D:5      | Found a shimmering altar of Xom.
  4790 | D:5      | Reached XP level 8. HP: 73/73 MP: 12/15
  5062 | D:5      | Found a broken altar of Ashenzari.
  5450 | D:5      | Reached skill level 5 in Spellcasting
  5643 | D:6      | Found a burning altar of Makhleb.
  5645 | D:6      | Noticed a blizzard demon
  5807 | D:6      | Reached skill level 5 in Fighting
  5807 | D:6      | Reached skill level 5 in Maces & Flails
  6712 | D:6      | Found a hide-covered altar of Uskayaw.
  6955 | D:7      | Reached XP level 9. HP: 80/82 MP: 10/18
  6959 | D:7      | Learned a level 3 spell: Frozen Ramparts
  7332 | D:7      | Noticed Menkaure
  7335 | D:7      | Killed Menkaure
  7602 | D:7      | Found an opulent altar of Gozag.
  7918 | D:7      | Noticed a troll
  7923 | D:7      | Killed a troll
  8020 | D:7      | Found a bloodstained altar of Trog.
  8030 | D:7      | Found a glowing golden altar of the Shining One.
  8030 | D:7      | Found a snail-covered altar of Cheibriados.
  8043 | D:7      | Found a basalt altar of Yredelemnul.
  8046 | D:7      | Found a shimmering blue altar of Sif Muna.
  8161 | D:7      | Found a staircase to the Ecumenical Temple.
  8950 | D:8      | Found a runed translucent door.
  8950 | D:8      | Found the +8 frozen axe "Frostbite" {freeze, freezing
                  | cloud, *Noise Fly rC+}
  8951 | D:8      | Noticed BirdDuck's ghost (novice DrBe)
  9009 | D:8      | Reached XP level 10. HP: 94/94 MP: 13/21
  9677 | D:8      | Noticed a purple ugly thing
  9725 | D:9      | Noticed Erica
  9744 | D:9      | Killed Erica
  9966 | D:9      | Found a staircase to the Lair.
  9985 | D:9      | Found a blossoming altar of Fedhas.
 10387 | D:9      | Noticed a kobold demonologist
 10387 | D:9      | Noticed a kobold demonologist
 10387 | D:9      | Noticed a kobold demonologist
 10389 | D:9      | Noticed a kobold demonologist
 10398 | D:9      | Noticed a kobold demonologist
 10405 | D:9      | Noticed a soul eater
 10407 | D:9      | Noticed a sixfirhy
 10409 | D:9      | Noticed a sixfirhy
 10410 | D:9      | Noticed a soul eater
 10411 | D:9      | Noticed an orange demon
 10412 | D:9      | Killed a kobold demonologist
 10412 | D:9      | Killed a kobold demonologist
 10417 | D:9      | Noticed a rust devil
 10417 | D:9      | Slain by a soul eater

Illustrated notes

Levels and vault maps discovered:
D:1:      nzn_arrival_water_spiral, layout_basic, serial_shops, shop
D:2:      layout_rooms, nicolae_ecumenical_lake_church, minmay_misc_feat_plants,
          minmay_tetromino_l4
D:3:      minmay_recursive_quarters, layout_basic, general_overflow_altar,
          kennysheep_generic_room_3
D:4:      layout_rooms, marbit_many_paths, okawaru_ov_weapons_minmay
D:5:      layout_layer_cave, old_standard_altar,
          mainiacjoe_overflow_small_starburst, enter_ossuary_2, roderic_batcave
D:6:      layout_layer_cave, makhleb_altar_promises_db,
          mainiacjoe_overflow_tiny_flanked
D:7:      layout_loops_ring, mainiacjoe_overflow_surrounded_room,
          minmay_overflow_temple_star_hex, minmay_temple_entry_fiery,
          uniq_menkaure
D:8:      layout_loops_ring, ebering_ghost_inner_flame, minmay_manual_mares
D:9:      layout_stronghold, mainiacjoe_overflow_catwalk, lair_entry_dummy,
          enter_bailey_5, nicolae_titane, uniq_erolcha, uniq_erica

Skill      XL: |  1  2  3  4  5  6  7  8  9 10 |
---------------+-------------------------------+-----
Spellcasting   | 2 3 4 6 7 8 |  8.3
Fire Magic     | 4 5 6 |  6.0
Fighting       | 4 5 7 8 |  8.7
Maces & Flails | 4 6 7 8 |  8.7

Action                     |  1- 3 |  4- 6 |  7- 9 | 10-12 || total
---------------------------+-------+-------+-------+-------++-------
  Melee: Mace              |    17 |    17 |    39 |    19 ||    92
         Punch             |       |       |       |     1 ||     1
   Cast: Scorch            |    20 |    63 |   125 |    39 ||   247
         Frozen Ramparts   |       |       |     9 |     8 ||    17
 Invoke: Fiery Armour      |       |       |       |     2 ||     2
Ability: Spit Poison       |    24 |    42 |    27 |    14 ||   107
  Evoke: Wand              |       |       |       |     3 ||     3
    Use: Scroll            |       |     9 |     8 |     1 ||    18
 Armour: Robe              |     5 |    15 |    89 |    49 ||   158
         Steam dragon scal |       |       |       |     9 ||     9
  Dodge: Dodged            |    14 |    15 |    69 |    50 ||   148

Table legend: (Time is in decaauts)
 A = Elapsed time spent in this place.
 B = Non-inter-level travel time spent in this place.
 C = Inter-level travel time spent in this place.
 D = Time resting spent in this place.
 E = Time spent auto-exploring this place.
 F = Levels seen in this place.
 G = Mean time per level.
                   A        B        C        D        E       F      G
               +--------+--------+--------+--------+--------+-----+--------+
         Total |  12669 |  12256 |    413 |      2 |  11032 |   9 | 1407.7 |
       Dungeon |  12669 |  12256 |    413 |      2 |  11032 |   9 | 1407.7 |
               +--------+--------+--------+--------+--------+-----+--------+

Top non-repeatable levels by time:
     D:5: 2205 daAuts
     D:8: 1737 daAuts
     D:6: 1679 daAuts
     D:7: 1545 daAuts
     D:1: 1431 daAuts
     D:2: 1309 daAuts
     D:4: 1034 daAuts
     D:3: 905 daAuts
     D:9: 820 daAuts
